Map: Cyber Forest LE

Players

ZaZen - Winner!

  • Race: Terran Terran
  • League: Silver
  • Spawn Location: 11:00

Zorda

  • Race: Protoss Protoss
  • League: Silver
  • Spawn Location: 5:00

VOD

Have the link to the VOD?

Description

Time

  • Played on: May 18, 2019, 9:13 p.m.
  • Length: 27:13
Show
View Real Time Build Order
Export as new Build Order

ZaZen Terran - Winner!

Build Orders:  

Get SALT Encoding   

  12  0:02  SCV  
  13  0:14  SCV  
  14  0:20  Supply Depot  
  14  0:27  SCV  
  15  0:33  Refinery  
  15  0:41  SCV  
  16  0:47  Barracks  
  16  0:53  SCV  
  17  1:06  SCV  
  18  1:18  SCV  
  19  1:34  Orbital Command  
  19  1:36  Barracks Reactor  
  18  1:53  Factory  
  18  2:00  SCV  
  19  2:09  Supply Depot  
  19  2:12  Marine x2  
  21  2:18  SCV  
  22  2:25  Command Center  
  22  2:30  Refinery  
  22  2:31  Marine x2  
  22  2:36  Factory Tech Lab  
  24  2:53  SCV, Bunker  
  24  2:54  Marine x2  
  27  3:01  Starport  
  27  3:09  Cyclone  
  30  3:24  Supply Depot  
  30  3:32  Marine  
  31  3:36  Marine  
  32  3:42  Orbital Command  
  32  3:53  Starport Tech Lab  
  34  4:00  Cyclone  
  35  4:05  SCV  
  36  4:14  Raven  
  38  4:17  Marine  
  38  4:18  Marine  
  40  4:25  SCV x2  
  42  4:35  Siege Tank  
  45  4:41  Refinery  
  45  4:44  SCV x2  
  45  4:45  Refinery  
  47  4:53  Marine x2  
  49  5:13  SCV x2  
  51  5:20  Supply Depot  
  51  5:28  Barracks  
  51  5:29  Barracks  
  51  5:32  Stimpack  
  51  5:40  Command Center  
  51  5:44  SCV  
  52  5:52  SCV  
  52  5:56  SCV  
  54  6:03  Viking  
  56  6:10  Viking  
  58  6:13  SCV  
  58  6:15  SCV  
  60  6:24  Engineering Bay  
  60  6:28  Engineering Bay  
  60  6:35  Barracks Reactor  
  60  6:36  Barracks Reactor  
  60  6:38  Factory  
  60  6:42  SCV x2  
  62  6:51  Marauder  
  62  6:53  Siege Tank  
  67  6:54  SCV  
  68  7:02  Medivac x2  
  68  7:06  Supply Depot  
  72  7:09  Terran Infantry Weapons Level 1, Supply Depot  
  72  7:11  SCV x2  
  74  7:18  Orbital Command  
  74  7:21  Marine x2  
  76  7:33  SCV x2  
  76  7:35  Terran Infantry Armor Level 1  
  78  7:44  Armory  
  78  7:45  SCV  
  78  7:51  Orbital Command  
  79  7:59  Marine x3  
  79  8:00  Marine x2  
  84  8:14  SCV x2  
  84  8:17  Factory Tech Lab  
  84  8:18  Siege Tank  
  84  8:19  Marine x4  
  92  8:20  Marine  
  92  8:22  Combat Shield  
  94  8:32  SCV x3  
  97  8:37  Marine  
  98  8:42  Supply Depot x2  
  98  8:45  Supply Depot  
  62  9:19  Marine x4  
  62  9:20  Marine  
  62  9:26  SCV x3  
  63  9:33  Viking x2  
  63  9:34  Starport  
  63  9:35  Starport  
  63  9:37  Cyclone x2, Marine x5  
  63  9:38  SCV  
  79  9:41  SCV  
  79  9:42  SCV  
  81  9:52  Terran Infantry Weapons Level 2  
  81  9:53  Terran Infantry Armor Level 2  
  81  9:55  Marine  
  82  10:03  Viking x2  
  82  10:04  Marine x2  
  82  10:05  Marine x2  
  90  10:09  Cyclone x2  
  90  10:12  Starport Reactor x2, Marine  
  97  10:19  Refinery  
  97  10:20  SCV x3  
  100  10:22  Marine  
  100  10:24  Marine x2  
  100  10:25  Marine  
  100  10:26  Concussive Shells  
  104  10:30  Marine  
  104  10:32  SCV x2  
  104  10:33  Refinery  
  107  10:39  Viking x2  
  107  10:41  Cyclone  
  114  10:58  Marine x5  
  114  11:00  Command Center  
  119  11:04  Supply Depot x2  
  119  11:06  Supply Depot  
  119  11:11  Command Center  
  119  11:12  Cyclone  
  119  11:13  Cyclone  
  125  11:25  Viking, Marine x2  
  125  11:26  Supply Depot  
  125  11:27  Supply Depot  
  125  11:30  Supply Depot  
  129  11:37  SCV x3  
  132  11:48  Medivac  
  132  11:52  Viking x2  
  132  11:53  Cyclone  
  132  11:54  Cyclone  
  144  11:55  Marine x5  
  149  12:10  Viking x2  
  149  12:11  Viking  
  149  12:12  Marine  
  149  12:13  Marine x4  
  116  12:30  Marine  
  92  12:46  Viking x2  
  92  12:47  Viking x4  
  92  12:51  Planetary Fortress  
  104  12:53  Planetary Fortress  
  97  13:16  Viking x2  
  97  13:18  Viking x4  
  109  13:30  Refinery  
  109  13:32  Refinery  
  109  13:33  Refinery  
  108  13:34  Refinery  
  108  13:40  SCV x2  
  108  13:41  SCV  
  111  13:52  SCV, Starport  
  111  13:53  Starport  
  111  13:54  Starport  
  112  13:56  Marine x5  
  112  13:58  Hellbat x2  
  112  13:59  Viking x2  
  112  14:00  Viking  
  127  14:13  Marine x2  
  127  14:14  Marine x2  
  125  14:20  Hellbat x2  
  125  14:24  Viking x3  
  125  14:29  Viking  
  131  14:37  Armory  
  131  14:40  Terran Vehicle And Ship Armor Level 1  
  131  14:41  Hellbat x2  
  131  14:43  Terran Infantry Armor Level 3, Terran Infantry Weapons Level 3  
  135  15:19  Marine  
  135  15:20  Marine x4  
  140  15:25  Starport Reactor  
  140  15:27  Starport Reactor x2  
  140  15:34  Missile Turret  
  140  15:35  Missile Turret  
  140  15:36  Missile Turret  
  140  15:37  Marine x2  
  140  15:40  Missile Turret x2  
  140  15:41  Missile Turret x2  
  140  15:42  Missile Turret  
  142  15:44  Missile Turret  
  142  15:48  Missile Turret  
  142  15:50  Missile Turret x2  
  142  15:51  Missile Turret  
  142  15:54  Missile Turret  
  142  15:55  Missile Turret  
  142  16:01  Missile Turret  
  142  16:02  Terran Ship Weapons Level 1  
  142  16:06  Viking x7  
  142  16:07  Viking x5  
  166  16:34  Terran Vehicle And Ship Armor Level 2  
  166  16:36  Viking  
  168  16:40  Viking x3  
  168  16:41  Viking x3  
  168  16:42  Viking  
  122  17:25  SCV, Marine x3  
  122  17:26  Marine x2  
  122  17:27  Viking x5  
  122  17:28  Viking x2  
  117  17:43  Marine x2  
  107  17:46  Viking x3  
  107  17:47  Viking  
  115  18:04  Fusion Core  
  115  18:06  Terran Ship Weapons Level 2  
  115  18:10  Viking x3  
  121  18:13  Marine x4  
  125  18:28  Viking  
  127  18:35  Command Center  
  122  19:09  SCV x2  
  119  19:10  Marine x5  
  119  19:13  Viking x4  
  119  19:14  Viking x4  
  126  19:27  Marine  
  126  19:28  Marine x2  
  129  19:31  Viking x2  
  129  19:32  Marine x2  
  128  19:45  Marine x2  
  126  20:04  Viking x6  
  138  20:10  Refinery  
  138  20:26  Viking x3  
  144  20:31  Marine x2  
  144  20:32  Marine x3  
  149  20:46  Command Center  
  149  20:47  Siege Tank x2  
  149  20:49  Marine x4  
  157  20:52  Refinery  
  159  21:10  Viking x3  
  165  21:11  Marine x3  
  165  21:12  Marine x2  
  170  21:23  Terran Vehicle And Ship Armor Level 3  
  170  21:29  Marine  
  136  22:12  Viking x6  
  136  22:13  Viking x4  
  136  22:14  Marine x5  
  161  22:23  Refinery  
  161  22:31  Marine  
  161  22:32  Marine x4  
  166  22:39  Viking x2  
  166  22:42  Viking x2  
  174  22:56  Refinery  
  170  23:19  Siege Tank x2  
  176  23:21  Liberator  
  176  23:22  Liberator x2  
  176  23:35  Marine x2  
  176  23:36  Marine x3  
  190  23:51  Siege Tank x2  
  190  23:53  Marine x3  
  192  24:23  Viking x5  
  186  24:47  Marine x5  
  186  24:49  Siege Tank x2  
  186  24:50  Viking  
  196  25:04  Marine x2  
  196  25:05  Marine x2  
  192  25:19  Marine  
  192  25:21  Siege Tank x2  
  195  25:22  Marine x2  
  175  25:53  Siege Tank  
  171  25:57  Marine x2  
  171  25:58  Marine x3  
  171  26:01  Siege Tank  
  172  26:04  Viking x2  
  168  26:15  Marine x3  
  168  26:16  Marine x2  
  169  26:25  Siege Tank  
  156  26:42  Viking x3  
  156  26:43  Viking  
  159  26:53  Marine  
  159  26:54  Marine x4  
Show
View Real Time Build Order
Export as new Build Order

Zorda Protoss 

Build Orders: Carriers 

Get SALT Encoding   

  12  0:12  Pylon  
  12  0:30  Forge  
  12  0:33  Probe  
  12  0:41  Probe  
  14  0:51  Probe  
  15  1:06  Photon Cannon  
  15  1:09  Photon Cannon  
  15  1:29  Pylon  
  15  1:36  Assimilator  
  15  1:39  Probe  
  15  1:43  Assimilator  
  16  1:47  Probe  
  17  1:56  Probe  
  17  1:57  Gateway  
  18  2:08  Probe  
  19  2:20  Probe  
  20  2:29  Photon Cannon  
  20  2:32  Probe  
  20  2:34  Assimilator  
  21  2:45  Probe  
  21  2:49  Cybernetics Core  
  22  2:57  Probe  
  23  3:15  Nexus  
  23  3:21  Probe  
  24  3:33  Probe  
  24  3:34  Protoss Shields Level 1  
  25  3:47  Stargate  
  25  3:52  Stargate  
  25  4:05  Stargate  
  25  4:12  Pylon  
  25  4:15  Probe  
  26  4:26  Probe  
  26  4:27  Probe  
  28  4:34  Probe  
  29  4:40  Probe  
  29  4:43  Probe  
  30  4:46  Protoss Air Weapons Level 1  
  30  4:52  Probe  
  32  4:55  Probe  
  33  5:04  Probe, Void Ray  
  38  5:07  Probe  
  38  5:14  Void Ray  
  43  5:31  Assimilator  
  43  5:39  Pylon  
  43  5:43  Photon Cannon  
  43  5:46  Photon Cannon  
  43  5:56  Shield Battery  
  43  6:02  Photon Cannon  
  43  6:06  Photon Cannon  
  43  6:11  Probe  
  43  6:17  Void Ray  
  48  6:23  Probe  
  49  6:30  Void Ray  
  53  6:36  Probe  
  54  6:43  Pylon  
  54  6:48  Probe  
  54  6:52  Pylon, Protoss Air Armor Level 1  
  55  6:55  Pylon  
  55  7:00  Pylon  
  55  7:05  Pylon  
  55  7:10  Pylon  
  55  7:15  Photon Cannon  
  55  7:20  Photon Cannon  
  55  7:25  Photon Cannon  
  55  7:28  Photon Cannon  
  55  7:34  Photon Cannon  
  55  7:38  Photon Cannon  
  55  7:42  Photon Cannon  
  55  7:46  Photon Cannon  
  55  7:52  Photon Cannon  
  55  7:56  Photon Cannon  
  55  8:00  Photon Cannon  
  55  8:10  Photon Cannon  
  55  8:11  Void Ray  
  59  8:21  Void Ray  
  63  8:37  Nexus  
  63  8:45  Void Ray  
  63  9:37  Void Ray x3  
  75  9:49  Fleet Beacon  
  75  9:52  Pylon  
  75  9:58  Pylon  
  75  10:01  Probe  
  76  10:08  Pylon  
  76  10:12  Pylon  
  76  10:13  Probe  
  77  10:16  Pylon  
  77  10:20  Pylon, Void Ray x2  
  85  10:25  Probe  
  86  10:32  Photon Cannon  
  86  10:34  Photon Cannon  
  86  10:37  Probe  
  86  10:38  Photon Cannon  
  86  10:41  Photon Cannon  
  87  10:48  Photon Cannon  
  88  10:50  Probe  
  88  10:52  Shield Battery  
  88  10:56  Photon Cannon  
  88  11:02  Photon Cannon  
  89  11:04  Probe  
  89  11:13  Assimilator  
  89  11:15  Carrier  
  89  11:16  Probe  
  90  11:21  Protoss Air Weapons Level 2  
  96  11:28  Probe  
  97  11:40  Probe  
  97  11:45  Carrier  
  97  11:46  Carrier  
  98  11:49  Assimilator  
  98  11:52  Probe  
  111  12:16  Carrier  
  109  12:49  Photon Cannon, Carrier  
  115  12:53  Photon Cannon  
  115  12:56  Photon Cannon  
  115  13:05  Photon Cannon  
  115  13:18  Carrier  
  121  13:20  Carrier  
  127  13:31  Protoss Air Armor Level 2  
  127  13:53  Stalker, Carrier  
  135  14:15  Pylon  
  135  14:18  Pylon  
  135  14:23  Stalker  
  137  14:25  Pylon  
  137  14:29  Pylon  
  137  14:34  Pylon  
  137  14:42  Photon Cannon  
  137  14:46  Photon Cannon  
  137  14:48  Photon Cannon  
  137  14:52  Photon Cannon  
  137  14:53  Stalker  
  137  14:55  Photon Cannon  
  137  14:58  Photon Cannon  
  139  15:06  Photon Cannon  
  139  15:07  Photon Cannon  
  139  15:23  Stalker  
  141  15:32  Nexus  
  141  15:34  Carrier x2  
  153  15:40  Protoss Air Weapons Level 3  
  153  15:45  Carrier  
  159  15:53  Stalker  
  161  16:23  Stalker  
  163  16:38  Void Ray x2  
  171  16:44  Twilight Council  
  171  16:49  Void Ray  
  145  17:20  Void Ray  
  145  17:21  Void Ray  
  131  17:32  Void Ray  
  123  18:03  Void Ray x2  
  131  18:15  Void Ray  
  135  18:20  Forge  
  135  18:28  Protoss Shields Level 2  
  135  18:35  Protoss Air Armor Level 3  
  135  18:49  Assimilator  
  135  18:55  Assimilator  
  49  19:17  Void Ray x2  
  49  19:18  Void Ray  
  44  20:01  Photon Cannon  
  44  20:02  Photon Cannon  
  44  20:06  Photon Cannon  
  40  20:08  Photon Cannon  
  40  20:12  Photon Cannon  
  40  20:15  Pylon  
  40  20:20  Photon Cannon  
  39  20:22  Void Ray  
  43  20:31  Void Ray  
  43  20:34  Photon Cannon  
  47  20:38  Pylon  
  47  20:42  Photon Cannon  
  28  20:45  Photon Cannon  
  28  20:50  Photon Cannon  
  28  20:56  Photon Cannon  
  28  20:57  Photon Cannon  
  28  21:01  Pylon  
  28  21:19  Photon Cannon  
  28  21:22  Photon Cannon  
  28  21:28  Photon Cannon  
  28  21:30  Photon Cannon  
  28  21:38  Stalker  
  28  21:39  Pylon  
  30  21:48  Photon Cannon  
  30  21:53  Photon Cannon  
  30  22:03  Photon Cannon  
  30  22:09  Pylon  
  30  22:14  Pylon  
  30  22:20  Pylon  
  30  22:23  Pylon  
  30  22:35  Photon Cannon  
  30  22:39  Photon Cannon  
  30  23:06  Probe  
  15  23:18  Probe  
  7  23:30  Probe  
  7  23:42  Probe  
  8  23:54  Probe  
  9  24:31  Photon Cannon  
  9  24:34  Photon Cannon  
  9  24:38  Pylon  
Tags
 
Composition
Carriers
Matchup
PvT
Spawn Locations
Cross Positions
Add a new tag
Caveats
  • Supply blocks, unpowered buildings, or Contaminate may cause inaccurate times.
  • Supply counts are checked every 10 seconds.